 Dungeon Crawl Stone Soup version 0.29.0-4-gdea44cf6ec (webtiles) character file.

Game seed: 3082594435943837084

77 qw the Chopper (level 4, -1/26 HPs)
             Began as a Tengu Warper on Aug 28, 2022.
             Killed from afar by Ijyb (9 damage)
             ... with a puff of flame
             ... on level 2 of the Dungeon.
             The game lasted 00:00:10 (2346 turns).

qw the Chopper (Tengu Warper)                       Turns: 2346, Time: 00:00:11

Health: -1/26      AC:  7    Str: 19    XL:     4   Next: 34%
Magic:  8/8        EV: 10    Int: 13    God:
Gold:   99         SH:  0    Dex: 14    Spells: 7/7 levels left

rFire   . . .      SeeInvis .   Y - +0 hand axe
rCold   . . .      Faith    .   (no shield)
rNeg    . . .      Spirit   .   h - +0 scale mail
rPois   .          Reflect  .   b - +1 hat
rElec   .          Harm     .   (no cloak)
rCorr   .          Rampage  .   (no gloves)
Will    .....                   (boots unavailable)
Stlth   ..........              (no amulet)
HPRegen 0.08/turn               k - +6 ring of strength
MPRegen 0.11/turn               (no ring)

@: no status effects
A: beak, talons 3
a: no special abilities


You were on level 2 of the Dungeon.
You visited 1 branch of the dungeon, and saw 3 of its levels.

You collected 99 gold pieces.


Innate Abilities, Weirdness & Mutations

You have a beak for a mouth.
You have claws for feet.


   Skills:
 - Level 2.0 Fighting
 + Level 4.9 Axes
 - Level 1.0 Throwing
 - Level 1.1 Armour
 - Level 2.1 Dodging
 - Level 2.0 Spellcasting
 - Level 2.4 Translocations


You had 7 spell levels left.
You didn't know any spells.
Your spell library contained the following spells:

 Spells                   Type           Power      Damage    Failure   Level
 Blink                    Tloc           14%        N/A       41%         2
 Gell's Gravitas          Tloc           7%         N/A       65%         3
 Lesser Beckoning         Tloc           7%         N/A       65%         3
 Teleport Other           Tloc           7%         N/A       65%         3
 Manifold Assault         Tloc           7%         N/A       100%        5

Inventory:

Hand Weapons
 d - a +0 morningstar
 Y - a +0 hand axe (weapon)
Armour
 b - a +1 hat (worn)
 h - a +0 scale mail (worn)
 m - a +0 plate armour
Jewellery
 k - a +6 ring of strength (left hand)
 n - a +4 ring of evasion
Scrolls
 c - a scroll of identify
 e - a scroll of enchant weapon {unknown}
 l - a scroll of brand weapon {unknown}
Potions
 a - a potion of cancellation {unknown}
 f - a potion of brilliance {unknown}
 g - a potion of degeneration {unknown}
 i - a potion of heal wounds {unknown}
 j - a potion of attraction {unknown}
 o - a potion of curing {unknown}

Dungeon Overview and Level Annotations

Branches:
Dungeon (3/15)

Altars:
Ashenzari

Annotations:
D:2 Ijyb


Message History

Ijyb hits you but does no damage.
You slash the goblin!
You kill the goblin!
You hit Ijyb but do no damage. You closely miss the goblin.
Ijyb screams, "Get away!"
Ijyb hits you with a +0 club. The goblin barely misses you.
You hit Ijyb. Your kick misses Ijyb. You peck Ijyb.
Ijyb is moderately wounded.
You hit the goblin. Ijyb hits you but does no damage.
The goblin hits you but does no damage.
You hit the goblin.
You kill the goblin!
You hit the goblin. You hit Ijyb. The goblin hits you but does no damage.
Ijyb zaps a wand.
The puff of flame hits you.
You hit the goblin.
You kill the goblin!
You hit Ijyb.
Ijyb screams, "Die!"
Ijyb hits you with a +0 club.
You barely miss Ijyb. You claw Ijyb.
Ijyb is severely wounded.
Ijyb hits you but does no damage.
You hit Ijyb but do no damage. You claw Ijyb, but do no damage.
Your peck misses Ijyb.
Ijyb is severely wounded.
Ijyb hits you with a +0 club.
You barely miss Ijyb. You claw Ijyb, but do no damage.
Ijyb is severely wounded.
Ijyb hits you with a +0 club.
You closely miss Ijyb.
Ijyb is severely wounded.
Ijyb hits you but does no damage.
You barely miss Ijyb. Your kick misses Ijyb. You peck Ijyb.
Ijyb is severely wounded.
Ijyb hits you with a +0 club.
You hit Ijyb but do no damage.
Ijyb is severely wounded.
Ijyb zaps a wand.
The puff of flame hits you!
You die...

#.#
###########.######
#................#
#................#
#.)..............#
#................#
#........####.####
# ###.....##
#.######## ##
#.....# #.@).....#
.####.....#
##)g.....#
..........#
#8.....8#
.....>#####
#.......# #######
#8.....8#
#.......#
#8.....8#
#.......#


You could see Ijyb.

Vanquished Creatures
  3 adders
  A worm (D:2)
  A dart slug (D:2)
  3 orcs (D:3)
  3 ball pythons (D:1)
  2 bats
  2 endoplasms
  A giant cockroach (D:1)
  11 goblins
  4 hobgoblins
  5 quokkas
  A rat (D:1)
37 creatures vanquished.

Notes
Turn   | Place    | Note
-------+----------+-------------------------------------------
     0 | D:1      | qw the Tengu Warper began the quest for the Orb.
     0 | D:1      | Reached XP level 1. HP: 12/12 MP: 4/4
     0 | D:1      | 0 ||| qw: Version: 0.1-a-89-g26bdef1
     0 | D:1      | 0 ||| qw: Game counter: 297
     0 | D:1      | 0 ||| qw: Always use a shield: true
     0 | D:1      | 0 ||| qw: God list: Okawaru
     0 | D:1      | 0 ||| qw: Allow faded altars: false
     0 | D:1      | 0 ||| qw: Do Orc after D:15 true
     0 | D:1      | 0 ||| qw: Do second Lair branch before Depths: true
     0 | D:1      | 0 ||| qw: Lair rune preference: random
     0 | D:1      | 0 ||| qw: Plans: Normal
     0 | D:1      | 0 ||| PLANNING D:1-11
   226 | D:1      | Reached XP level 2. HP: 17/17 MP: 6/6
   262 | D:1      | Reached skill level 3 in Axes
   294 | D:1      | 294 ||| UPGRADING to +0 scale mail.
   441 | D:1      | 441 ||| DROPPING +0 leather armour.
   795 | D:1      | 795 ||| UPGRADING to +6 ring of strength.
   796 | D:1      | 796 ||| READING scroll labelled CEUB EGHYD.
   797 | D:1      | 797 ||| READING scroll labelled XOOBUSI NIMEUDD.
   802 | D:1      | 802 ||| DRINKING 2 bubbling amethyst potions.
   906 | D:1      | 906 ||| DROPPING potion of berserk rage.
   907 | D:1      | 907 ||| DROPPING scroll of blinking.
  1149 | D:2      | You fall into a shaft and drop 1 floor!
  1205 | D:3      | Reached XP level 3. HP: 21/21 MP: 7/7
  1221 | D:3      | Reached skill level 4 in Axes
  1296 | D:3      | 1296 ||| Stepping ~*~*~tactically~*~*~ (stealth).
  1393 | D:3      | 1393 ||| DROPPING +0 club.
  1469 | D:3      | Found a broken altar of Ashenzari.
  1486 | D:3      | 1486 ||| UPGRADING to +1 hat.
  1550 | D:2      | 1550 ||| DROPPING +0 mace.
  1561 | D:2      | Found a faded altar of an unknown god.
  1562 | D:2      | 1562 ||| Stepping ~*~*~tactically~*~*~ (hiding).
  1745 | D:2      | 1745 ||| Stepping ~*~*~tactically~*~*~ (stealth).
  1977 | D:2      | Reached XP level 4. HP: 26/26 MP: 8/8
  2330 | D:2      | Noticed Ijyb
  2346 | D:2      | Killed from afar by Ijyb

Levels and vault maps discovered:
D:1:      spicycebolla_arrival_clurvy, layout_basic,
          amcnicky_mini_rare_corridor_liquid, minmay_misc_feat_more_columns,
          minmay_heptomino_h4
D:2:      kennysheep_the_goblin_king, layout_basic,
          shapermc_ecumenical_altar_notcrosses
D:3:      layout_basic, mainiacjoe_overflow_cross_hatched, minivault_25,
          serial_bayou_pond_b, chequers_avenue, nicolae_hexahallways,
          minmay_circle_x

Skill      XL: |  1  2  3 |
---------------+----------+-----
Axes           | 3 4 |  4.9
Fighting       | |  2.0
Throwing       | |  1.0
Armour         | |  1.1
Dodging        | |  2.1
Spellcasting   | |  2.0
Translocations | |  2.4

Action                   |  1- 3 |  4- 6 || total
-------------------------+-------+-------++-------
Melee: Hand axe          |    73 |    26 ||    99
       Peck              |     7 |     4 ||    11
       Kick              |    17 |     8 ||    25
       Punch             |     1 |       ||     1
Throw: Boomerang         |    18 |       ||    18
  Use: Scroll            |     2 |       ||     2
       Potion            |     1 |       ||     1
Armor: Scale mail        |    25 |    11 ||    36
Dodge: Dodged            |    32 |     8 ||    40

Table legend:
 A = Non-vault XP
 B = Vault XP
 C = Vault XP percentage of total XP
 D = Non-vault monster count
 E = Vault monster count
 F = Vault count percentage of total count
                 A         B        C        D         E       F
            +---------+---------+-------+---------+---------+-------
      Total |      96 |      15 |  13.5 |      29 |       8 |  21.6
            +---------+---------+-------+---------+---------+-------
        D:1 |      16 |       4 |  20.0 |       9 |       2 |  18.2
        D:2 |      53 |      11 |  17.2 |      14 |       6 |  30.0
        D:3 |      27 |       0 |   0.0 |       6 |       0 |   0.0
            +---------+---------+-------+---------+---------+-------
